 Dungeon Crawl Stone Soup version 0.30.1-4-g462c640d31 (webtiles) character file.

Game seed: 17850012873816608833

44 BillyBaka the Skirmisher (level 3, -1/31 HPs)
             Began as a Gnoll Hunter on Aug 14, 2023.
             Slain by an orc wizard
             ... wielding a +0 dagger
              (4 damage)
             ... on level 3 of the Dungeon.
             The game lasted 00:03:08 (1324 turns).

BillyBaka the Skirmisher (Gnoll Hunter)             Turns: 1324, Time: 00:03:09

Health: -1/31      AC:  3    Str: 10    XL:     3   Next: 62%
Magic:  4/4        EV: 13    Int:  8    God:
Gold:   104        SH:  0    Dex: 17    Spells: 3/3 levels left

rFire   . . .        a - +0 shortbow
rCold   . . .        (shield currently unavailable)
rNeg    . . .        c - +0 leather armour
rPois   .            (no helmet)
rElec   .            (no cloak)
rCorr   .            (no gloves)
SInv    .            (no boots)
Will    .....        (no amulet)
Stlth   ++           (no ring)
HPRegen 0.00/turn    (no ring)
MPRegen 0.09/turn

%: no passive effects
@: inhibited regen
A: fangs 1, strong nose, distributed training, inhibited regeneration
a: no special abilities


You were on level 3 of the Dungeon.
You visited 1 branch of the dungeon, and saw 3 of its levels.

You collected 104 gold pieces.

Inventory:

Hand Weapons
 a - a +0 shortbow (weapon)
Armour
 c - a +0 leather armour (worn)
Scrolls
 b - 2 scrolls of immolation
 d - a scroll of vulnerability {unknown}
 e - a scroll of blinking {unknown}
 g - a scroll of enchant weapon {unknown}
 i - 2 scrolls of teleportation {unknown}
 l - a scroll of poison {unknown}
 m - a scroll of fear {unknown}
 n - a scroll of noise {unknown}
Potions
 f - a potion of invisibility {unknown}
 h - 2 potions of mutation
 j - 2 potions of degeneration {unknown}
 k - a potion of lignification {unknown}


   Skills:
 + Level 4.5 Fighting
 + Level 0.9 Short Blades
 + Level 0.9 Long Blades
 + Level 0.9 Axes
 + Level 0.9 Maces & Flails
 + Level 0.9 Polearms
 + Level 0.9 Staves
 + Level 8.5 Ranged Weapons
 + Level 0.9 Throwing
 + Level 0.9 Armour
 + Level 4.5 Dodging
 + Level 2.4 Stealth
 + Level 0.9 Shields
 + Level 0.9 Unarmed Combat
 + Level 0.9 Spellcasting
 + Level 0.6 Conjurations
 + Level 0.6 Hexes
 + Level 0.6 Summonings
 + Level 0.6 Necromancy
 + Level 0.6 Translocations
 + Level 0.6 Transmutations
 + Level 0.6 Fire Magic
 + Level 0.6 Ice Magic
 + Level 0.6 Air Magic
 + Level 0.6 Earth Magic
 + Level 0.6 Poison Magic
 + Level 1.0 Invocations
 + Level 0.9 Evocations


You had 3 spell levels left.
You didn't know any spells.
Your spell library was empty.

Dungeon Overview and Level Annotations

Branches:
Dungeon (3/15)

Altars:


Innate Abilities, Weirdness & Mutations

You have very sharp teeth.
Your uncanny sense of smell can sniff out nearby items.
Your experience applies equally to all skills.
You do not regenerate when monsters are visible.


Message History

You clumsily bash something but do no damage.
Something barely misses you.
You hear some strange, mumbled words.
You are more confused.
You closely miss something. Something hits you.
You bump into the rock wall.
You hear some strange, mumbled words.
You are more confused.
Something hits you.
You bump into the rock wall.
Something hits you.
An orc comes into view. It is wielding a +0 flail.
The orc shouts!
You completely miss something.
You hear some strange, mumbled words.
A puff of flame appears from out of thin air!
The puff of flame hits you. Something hits you.
You clumsily bash something but do no damage.
You bite something. Something barely misses you.
The orc shouts!
You bump into the rock wall.
Something hits you. The orc barely misses you.
You closely miss something. Your bite misses something. Something hits you.
The orc misses you. The orc hits you with a +0 flail.
* * * LOW HITPOINT WARNING * * *
A kobold comes into view. It is wielding a +0 short sword.
Something hits you.
* * * LOW HITPOINT WARNING * * *
You clumsily bash something but do no damage.
Your bite misses something.
You feel less confused. Something hits you.
* * * LOW HITPOINT WARNING * * *
The orc closely misses you.
You shoot an arrow. Something hits you.
* * * LOW HITPOINT WARNING * * *
The orc closely misses you.
It was a potion of mutation.
You feel extremely strange.
Your regeneration stops near monsters.
Something hits you.
You die...

..#.# .# .....#.###.#
.....o.....# ... #{##..
... #.##.# #K#
#{##.######## #o#
#............
..######o######.#.######
.......@{o......#.#
..#############.#.#
#.#.# #†#.# #.#.# #
#.#.# ## #.#.# #. #.#.#
## #.#.# #


You could see 3 orcs and a kobold.

Vanquished Creatures
  3 worms (D:2)
  A dart slug (D:1)
  An orc (D:3)
  7 ball pythons
  4 endoplasms
  3 giant cockroaches
  3 hobgoblins (D:1)
  5 kobolds
  3 bats
  A frilled lizard (D:1)
31 creatures vanquished.

Notes
Turn   | Place    | Note
-------+----------+-------------------------------------------
     0 | D:1      | BillyBaka the Gnoll Hunter began the quest for the Orb.
     0 | D:1      | Reached XP level 1. HP: 20/20 MP: 1/1
   240 | D:1      | Reached XP level 2. HP: 26/26 MP: 2/2
   690 | D:2      | Reached XP level 3. HP: 31/31 MP: 3/3
   772 | D:2      | Reached skill level 1 in Invocations
  1324 | D:3      | Gained mutation: You do not regenerate when monsters are
                  | visible. [potion of mutation]
  1324 | D:3      | Slain by an orc wizard

Illustrated notes

Levels and vault maps discovered:
D:1:      psy_arrival_terrarium, layout_loops_ring
D:2:      layout_loops_ring
D:3:      layout_loops_ring

Skill      XL: |  1  2  3 |
---------------+----------+-----
Invocations    | 1 |  1.0
Fighting       | |  4.5
Short Blades   | |  0.9
Long Blades    | |  0.9
Axes           | |  0.9
Maces & Flails | |  0.9
Polearms       | |  0.9
Staves         | |  0.9
Ranged Weapons | |  8.5
Throwing       | |  0.9
Armour         | |  0.9
Dodging        | |  4.5
Stealth        | |  2.4
Shields        | |  0.9
Unarmed Combat | |  0.9
Spellcasting   | |  0.9
Conjurations   | |  0.6
Hexes          | |  0.6
Summonings     | |  0.6
Necromancy     | |  0.6
Translocations | |  0.6
Transmutations | |  0.6
Fire Magic     | |  0.6
Ice Magic      | |  0.6
Air Magic      | |  0.6
Earth Magic    | |  0.6
Poison Magic   | |  0.6
Evocations     | |  0.9

Action                     || total
---------------------------++-------
  Melee: Shortbow          ||     6
         Bite              ||     1
   Fire: Shortbow          ||    70
    Use: Potion            ||     1
 Armour: Leather armour    ||     3
  Dodge: Dodged            ||     9
